 Dungeon Crawl Stone Soup version 0.18-a0-1670-gb40d73e (webtiles) character file.

161 miau the Conjurer (level 5, -2/24 HPs)
             Began as a Felid Conjurer on Mar 29, 2016.
             Was an Initiate of Vehumet.
             Slain by Pikel
             ... wielding a +2 whip of freezing
              (9 damage)
             ... on level 5 of the Dungeon on Apr 1, 2016.
             The game lasted 00:32:51 (6782 turns).

miau the Conjurer (Felid Conjurer)                  Turns: 6782, Time: 00:32:52

Health: -2/24      AC:  2    Str:  6    XL:     5   Next: 19%
Magic:  0/12       EV: 19    Int: 17    God:    Vehumet [......]
Gold:   250        SH:  0    Dex: 16    Spells: 3 memorised, 6 levels left
                                        Lives:  0   Deaths: 2

rFire  . . .     SeeInvis +     (weapon unavailable)
rCold  . . .     Gourm    .     (armour unavailable)
rNeg   . . .     Faith    .     (shield unavailable)
rPois  .         Spirit   +     (helmet unavailable)
rElec  .         Dismiss  .     (cloak unavailable)
rCorr  .         Reflect  .     (gloves unavailable)
SustAt .         Harm     .     (boots unavailable)
MR     .....                    n - amulet of guardian spirit
Stlth  +++.......               (no ring)
                                (no ring)

@: quick, not resistant to hostile enchantments, fairly stealthy
A: no armour, no weapons or thrown items, claws 1, fangs 3, see invisible,
carnivore 3, speed 1, shaggy fur 2, slow metabolism 1, sharp paws
a: Renounce Religion


You were on level 5 of the Dungeon.
You worshipped Vehumet.
Vehumet was noncommittal.
You were not hungry.

You visited 1 branch of the dungeon, and saw 5 of its levels.

You collected 250 gold pieces.

Inventory:

Jewellery
 n - an amulet of guardian spirit (around neck)
Wands
 g - a wand of random effects (20/48)
Scrolls
 d - 3 scrolls of teleportation
 e - 5 scrolls of identify
 k - a scroll of immolation
 m - 3 scrolls of remove curse
 p - a scroll of magic mapping
Potions
 f - 2 potions of curing
 j - a potion of berserk rage
 o - a potion of mutation {unknown}
 q - 2 potions of brilliance {unknown}
Books
 a - a book of Conjurations

   Spells                             Type                      Level
   a - Magic Dart                     Conjuration                  1
   b - Searing Ray                    Conjuration                  2
   c - Dazzling Spray                 Conjuration/Hexes            3
   d - Fulminant Prism                Conjuration/Hexes            4
   e - Iskenderun's Mystic Blast      Conjuration                  4
   f - Iskenderun's Battlesphere      Conjuration/Charms           5
 h - a book of Annihilations

   Spells                             Type                      Level
   a - Poison Arrow                   Conjuration/Poison           6
   b - Chain Lightning                Conjuration/Air              8
   c - Lehudib's Crystal Spear        Conjuration/Earth            8
   d - Glaciate                       Conjuration/Ice              9
   e - Fire Storm                     Conjuration/Fire             9
Comestibles
 b - 4 meat rations
 c - 5 beef jerkies
 i - a slice of pizza
 l - a royal jelly


   Skills:
 * Level 3.2 Fighting
 + Level 3.7 Dodging
 + Level 3.4 Stealth
 + Level 4.1 Spellcasting
 + Level 5.8 Conjurations
 + Level 0.4 Hexes


You had 6 spell levels left.
You knew the following spells:

 Your Spells              Type           Power        Failure   Level  Hunger
a - Searing Ray           Conj           ###...       2%          2    ##.....
b - Dazzling Spray        Conj/Hex       ##......     14%         3    ###....
z - Magic Dart            Conj           ###.         1%          1    None


Dungeon Overview and Level Annotations

Branches:
Dungeon (5/15)
 Temple: D:4-7

Altars:
Ashenzari
Elyvilon
Gozag
Makhleb
Nemelex Xobeh
Okawaru
Qazlal
Sif Muna
Vehumet
Xom

Annotations:
D:4 Eustachio
D:5 Chiseanne's ghost, amateur CeAE; Pikel


Innate Abilities, Weirdness & Mutations

You cannot wear armour.
You are incapable of wielding weapons or throwing items.
You have sharp claws.
You have razor-sharp teeth.
You have supernaturally acute eyesight.
You are carnivorous and can eat meat at any time.
You cover ground quickly.
You are covered in thick fur (AC +2).
You have a slow metabolism.
Your sharp claws are effective at attacking unaware monsters.


Message History

Orders for allies: a - Attack new target. r - Retreat! s - Stop attacking. w - Wait here. f - Follow me.
Anything else - Stay silent.
You meow for attention!
Pikel hits you with a whip of freezing. Pikel freezes you.
Chiseanne's ghost points at you and mumbles some strange words.
The zap misses you. Pikel hits you with a whip of freezing. Pikel freezes you.
Chiseanne's ghost hits you. Pikel misses you. Chiseanne's ghost misses you.
Pikel completely misses you.
Chiseanne's ghost hits you but does no damage.
Pikel closely misses you.
Chiseanne's ghost points at you and mumbles some strange words.
The zap hits you!
* * * LOW HITPOINT WARNING * * *
Pikel completely misses you. Chiseanne's ghost barely misses you.
Pikel hits you with a whip of freezing!
You die...

..5.. #
##........
....>..... .....
#...# # ....
#...## ## ..##
#..# #...## ##.
..## #pp#
###..#####..
...# #WK#
##...##... ##≈≈
#.@# ##.......
##.≈# #..#
##...... #..≈##
### #..# ##.....
...≈≈#gg.# #..#
##....
.....gg.$# ..##
#.....
.##≈≈#...# ...
#.....
.##≈###### ....
#...###
g##≈##≈≈≈##≈..#.
#..## #
.g#≈≈≈≈≈≈≈≈≈#
#..# ##


You could see Pikel, 2 slaves and Chiseanne's ghost.

Vanquished Creatures
  Menkaure (D:4)
  2 slaves (D:5)
  A centaur (D:5)
  A scorpion (D:4)
  A crimson imp (D:5)
  4 hounds
  2 worker ants
  5 gnolls
  4 adders
  An ooze (D:2)
  2 worms
  2 dart slugs (D:3)
  4 giant geckos
  2 orcs (D:3)
  2 giant cockroaches
  6 hobgoblins
  4 jackals (D:1)
  6 bats
  6 giant newts
  8 goblins
  8 kobolds
  8 rats
80 creatures vanquished.

Notes
Turn   | Place    | Note
--------------------------------------------------------------
     0 | D:1      | miau the Felid Conjurer began the quest for the Orb.
     0 | D:1      | Reached XP level 1. HP: 7/7 MP: 4/4
   284 | D:1      | Reached skill level 1 in Fighting
   284 | D:1      | Reached XP level 2. HP: 7/12 MP: 0/6
   682 | D:1      | Reached skill level 4 in Conjurations
   852 | D:1      | Reached XP level 3. HP: 15/15 MP: 4/7
  1522 | D:2      | Found an opulent altar of Gozag.
  1523 | D:2      | Found a sparkling altar of Nemelex Xobeh.
  1851 | D:2      | Reached XP level 4. HP: 19/19 MP: 0/8
  2941 | D:3      | Learned a level 2 spell: Searing Ray
  3077 | D:3      | Found an iron altar of Okawaru.
  3296 | D:3      | Found a burning altar of Makhleb.
  3297 | D:3      | Found a shattered altar of Ashenzari.
  3297 | D:3      | Found a radiant altar of Vehumet.
  3302 | D:3      | Found a white marble altar of Elyvilon.
  3305 | D:3      | Became a worshipper of Vehumet
  3418 | D:3      | Found a shimmering altar of Xom.
  3872 | D:4      | Noticed Menkaure
  3878 | D:4      | Reached XP level 5. HP: 22/22 MP: 3/10
  3882 | D:4      | Killed Menkaure
  3882 | D:4      | Reached skill level 5 in Conjurations
  4177 | D:4      | Found a deep blue altar of Sif Muna.
  4178 | D:4      | Found a stormy altar of Qazlal.
  4449 | D:4      | Gained mutation: You are covered in thick fur (AC +2). [Felid growth]
  4449 | D:4      | Reached XP level 6. HP: 26/27 MP: 2/12
  4615 | D:4      | Noticed Eustachio
  4616 | D:4      | Upgraded the game from 0.18-a0-1649-g8d9735b to 0.18-a0-1670-gb40d73e
  4634 | D:4      | Learned a level 3 spell: Dazzling Spray
  5548 | D:5      | Entered Level 5 of the Dungeon
  5548 | D:5      | Noticed Pikel
  5548 | D:5      | Noticed a slave
  5548 | D:5      | Noticed a slave
  5833 | D:5      | Noticed a sky beast
  5861 | D:5      | Noticed a slave
  5917 | D:5      | Killed a slave
  6061 | D:5      | Killed a slave
  6244 | D:5      | Reached XP level 7. HP: 14/31 MP: 2/14
  6260 | D:5      | Noticed Chiseanne's ghost (amateur CeAE)
  6628 | D:5      | Slain by a gnoll sergeant
  6629 | D:5      | Reached XP level 6. HP: -3/28 MP: 0/13
  6758 | D:5      | HP: 1/28 [centaur zombie (2)]
  6760 | D:5      | Slain by a sky beast
  6761 | D:5      | Reached XP level 5. HP: -1/24 MP: 0/12
  6763 | D:5      | Noticed a slave
  6782 | D:5      | Slain by Pikel

Vault maps used:
D:1:      dpeg_arrival_tiny_b, hangedman_decor_opposing
D:2:      grunt_temple_overflow_opulence
D:3:      minitemple, okawaru_ov_weapons_minmay, first_bread, tgw_xom
D:4:      gammafunk_temple_overflow_pools, uniq_menkaure, uniq_eustachio
D:5:      portal_sewer_entry_d, lightli_minifort, uniq_pikel

Skill      XL: |  1  2  3  4  5  6 |
---------------+-------------------+-----
Fighting       | 1 2 3 |  3.2
Conjurations   | 4 5 |  5.8
Dodging        | 3 |  3.7
Stealth        | 3 |  3.4
Spellcasting   | 3 4 |  4.1
Hexes          | |  0.4

Action                   |  1- 3 |  4- 6 |  7- 9 || total
-------------------------+-------+-------+-------++-------
Melee: Unarmed           |    24 |    16 |    17 ||    57
 Cast: Magic Dart        |    86 |   140 |    10 ||   236
       Searing Ray       |       |    10 |     2 ||    12
       Dazzling Spray    |       |     4 |       ||     4
  Use: Potion            |     2 |     4 |       ||     6
       Scroll            |     3 |     6 |       ||     9
  Eat: Chunk             |    11 |     9 |       ||    20
